[Event "*** SCC Grand Prix: Titled Tuesday Blitz"]
[Site "Chess.com"]
[Date "2020.08.11"]
[Round "6"]
[White "Keures"]
[Black "artichaud"]
[Result "1-0"]
[WhiteElo "2299"]
[BlackElo "2139"]
[TimeControl "180+1"]
[EndTime "11:05:22 PDT"]
[Termination "Keures won on time"]

1. d4 d6 2. c4 e5 3. Nf3 f6 4. Nc3 Nc6 5. e3 Bg4 6. Be2 g6 7. Qc2 Bg7 8. h3 Bf5 9. Bd3 Bxd3 10.
Qxd3 Nh6 11. Rb1 O-O 12. b4 f5 13. Qe2 exd4 14. Nd5 dxe3 15. Bxe3 Re8 16. O-O Ne7 17. Qd2 Nf7 18. Ng5 c6 19. Ne6 Qd7 20. Nxg7 1-0

[Event "*** SCC Grand Prix: Titled Tuesday Blitz"]
[Site "Chess.com"]
[Date "2020.08.11"]
[Round "6"]
[White "stanyga"]
[Black "evgenyermolaev"]
[Result "1-0"]
[WhiteElo "2654"]
[BlackElo "2477"]
[TimeControl "180+1"]
[EndTime "11:05:23 PDT"]
[Termination "stanyga won by resignation"]

1. e4 d5 2. exd5 Qxd5 3. Nc3 Qe6+ 4. Be2 Qg6 5. Bf3 e5 6. Nge2 Nc6 7. d4 Bg4 8. Bxg4 Qxg4 9. O-O exd4 10. Nb5 O-O-O 11. Bf4 a6 12. Nxc7 d3 13. cxd3 Nd4 14. Nxd4 Qxf4 15.
Rc1 Kb8 16. Nxa6+ bxa6 17. Nc6+ Kc7 18. Qb3 Bd6 19. Ne5+ 1-0

[Event "*** SCC Grand Prix: Titled Tuesday Blitz"]
[Site "Chess.com"]
[Date "2020.08.11"]
[Round "6"]
[White "Ashedu66"]
[Black "eightbyeightchess"]
[Result "0-1"]
[WhiteElo "2267"]
[BlackElo "2448"]
[TimeControl "180+1"]
[EndTime "11:05:23 PDT"]
[Termination "eightbyeightchess won on time"]

1. d4 d5 2. c4 c6 3. Nf3 Nf6 4.
e3 a6 5. Qc2 Bg4 6. Nbd2 e6 7.
Bd3 Bd6 8. b3 O-O 9. Bb2 Nbd7 10.
O-O b5 11. c5 Bc7 12. Ne5 Nxe5 13. dxe5 Nd7 14. f4 g6 15. Bd4 Bf5 16. Nf3 Bxd3 17.
Qxd3 Qe7 18. Rf2 Nxc5 19. Qc2 Ne4 20. Qxc6 Nxf2 21. Kxf2 Rfc8 22. Rc1 Qd8 23. Qb7 Ba5 0-1

[Event "*** SCC Grand Prix: Titled Tuesday Blitz"]
[Site "Chess.com"]
[Date "2020.08.11"]
[Round "6"]
[White "Morshynska"]
[Black "MFguimaraes"]
[Result "0-1"]
[WhiteElo "2162"]
[BlackElo "2414"]
[TimeControl "180+1"]
[EndTime "11:05:23 PDT"]
[Termination "MFguimaraes won by resignation"]

1. e4 e5 2. Nf3 Nf6 3. Nc3 Nc6 4. a3 g6 5. d4 exd4 6. Nxd4 Bg7 7. Nxc6 bxc6 8. Bd3 O-O 9. O-O Rb8 10. Re1 d6 11. h3 Re8 12. Qf3 Nd7 13. Qg3 Ne5 14.
f4 Nxd3 15. cxd3 Rb3 16. Kh1 d5 17. e5 Bf5 18. Qf3 h5 19. d4 Qh4 20. Qf1 c5 21. Nxd5 Bxh3 22. Ne3 Bd7+ 23. Kg1 cxd4 24. Nd5 Bc6 25.
Nf6+ Bxf6 26. exf6 Rxe1 0-1

[Event "*** SCC Grand Prix: Titled Tuesday Blitz"]
[Site "Chess.com"]
[Date "2020.08.11"]
[Round "6"]
[White "Shota_Azaladze"]
[Black "meoluoi91"]
[Result "1-0"]
[WhiteElo "2678"]
[BlackElo "2488"]
[TimeControl "180+1"]
[EndTime "11:05:25 PDT"]
[Termination "Shota_Azaladze won by resignation"]

1. Nf3 d5 2. g3 c6 3. Bg2 Bf5 4. O-O Nd7 5. b3 Ngf6 6. Bb2 e6 7. c4 Bd6 8. d3 O-O 9. Nbd2 Bc5 10. a3 a5 11. Nh4 Bg4 12. h3 Bh5 13. g4 Ne8 14.
Nf5 Bg6 15. d4 Bb6 16. Ng3 Bc7 17. e3 Bxg3 18. fxg3 Nd6 19. Qe2 Nf6 20. g5 Nfe4 21. Nxe4 Nxe4 22. Bxe4 Bxe4 23. h4 f5 24. Bc3 a4 25. b4 dxc4 26. Qxc4 Bd5 27. Qe2 Qc7 28. Rf4 h6 29. gxh6 gxh6 30. Kh2 Rf7 31. Rg1 Kh7 32. Qh5 Rg7 33. Bd2 Rag8 34. e4 Bxe4 35. Rxe4 Rg5 36.
hxg5 1-0

[Event "*** SCC Grand Prix: Titled Tuesday Blitz"]
[Site "Chess.com"]
[Date "2020.08.11"]
[Round "6"]
[White "GOGIEFF"]
[Black "VishnuPrasanna"]
[Result "1-0"]
[WhiteElo "2865"]
[BlackElo "2680"]
[TimeControl "180+1"]
[EndTime "11:05:31 PDT"]
[Termination "GOGIEFF won by resignation"]

1. d4 d5 2. c4 c6 3. Nc3 Nf6 4. Nf3 dxc4 5. a4 Bf5 6. e3 e6 7. Bxc4 Bb4 8. O-O O-O 9. Qe2 Nbd7 10. e4 Bg6 11. Bd3 Re8 12. Bf4 a5 13. Rad1 Bf8 14. h3 Qb6 15. Rfe1 Rac8 16. e5 Nd5 17. Nxd5 cxd5 18.
Bxg6 fxg6 19. Rd3 Rc4 20. b3 Rc6 21. h4 Bb4 22. Red1 Rec8 23. Ng5 Rc3 24. h5 Nf8 25. hxg6 hxg6 26. Qf3 Rxd3 27. Rxd3 Be7 28. Kh2 Qd8 29. Qg4 Rc2 30. Rh3 Bxg5 31. Bxg5 Qe8 32. Qh4 1-0

[Event "*** SCC Grand Prix: Titled Tuesday Blitz"]
[Site "Chess.com"]
[Date "2020.08.11"]
[Round "6"]
[White "arminmusovic"]
[Black "keepitcool9499"]
[Result "1/2-1/2"]
[WhiteElo "2494"]
[BlackElo "2652"]
[TimeControl "180+1"]
[EndTime "11:05:32 PDT"]
[Termination "Game drawn by agreement"]

1. a3 e6 2. Nc3 d5 3. e4 d4 4. Nce2 c5 5. Ng3 Bd6 6. Bb5+ Bd7 7. Bxd7+ Nxd7 8. d3 Ne7 9. Qg4 Ng6 10. f4 O-O 11.
e5 Be7 12. Nf3 Qa5+ 13. Bd2 Qb6 14. b3 a5 15. a4 f5 16. Qh5 Rfd8 17. h4 Ngf8 18.
Ng5 g6 19. Qh6 Bxg5 20. hxg5 c4 21. bxc4 Qb2 22. Ke2 Qxc2 23. Rhc1 Qb3 24. Rcb1 Qc2 25. Rc1 Qb3 1/2-1/2

[Event "*** SCC Grand Prix: Titled Tuesday Blitz"]
[Site "Chess.com"]
[Date "2020.08.11"]
[Round "6"]
[White "Batsai"]
[Black "jacky72"]
[Result "1-0"]
[WhiteElo "2346"]
[BlackElo "2589"]
[TimeControl "180+1"]
[EndTime "11:05:32 PDT"]
[Termination "Batsai won by resignation"]

1. e4 e5 2. Nf3 Nc6 3. d4 exd4 4.
Bc4 Bc5 5. c3 Nf6 6. e5 d5 7.
Bb5 Ne4 8. cxd4 Bb6 9. Be3 O-O 10.
Nbd2 Bg4 11. h3 Bh5 12. Bxc6 bxc6 13. Qc2 Bxf3 14. Nxf3 Qd7 15. O-O f6 16. Rac1 fxe5 17. Nxe5 Qf5 18. Qxc6 Nf6 19. g4 Qc8 20. g5 Nh5 21.
Qxd5+ Kh8 22. Nf7+ Rxf7 23. Qxf7 Qxh3 24. Qd5 Rf8 25. Qg2 Qf5 26. d5 Nf4 27. Bxf4 Qxf4 28. Rc3 Rf5 29. Rg3 Qd2 30. Rf3 Qxd5 31. Rxf5 Qxf5 32.
Qa8+ 1-0

[Event "*** SCC Grand Prix: Titled Tuesday Blitz"]
[Site "Chess.com"]
[Date "2020.08.11"]
[Round "6"]
[White "denispopov"]
[Black "Sacbutt"]
[Result "1-0"]
[WhiteElo "1857"]
[BlackElo "2168"]
[TimeControl "180+1"]
[EndTime "11:05:32 PDT"]
[Termination "denispopov won by resignation"]

1. e4 c5 2. Nc3 Nc6 3. Bb5 g6 4. Bxc6 bxc6 5. d3 Bg7 6. Nge2 e5 7. O-O d6 8. Be3 Ne7 9. b3 O-O 10. Na4 Be6 11. Rc1 f5 12. f4 fxe4 13. dxe4 Bg4 14. h3 Bxe2 15. Qxe2 exf4 16. Bxf4 Bd4+ 17. Kh1 Qa5 18. Bxd6 Rfe8 19. Qc4+ Kh8 20. Qf7 Qd8 21. Bxc5 Bg7 22. Rcd1 Qc7 23. Bd6 Qb7 24. Nc5 Qb4 25. Bxe7 Rac8 26. Bf6 Rg8 27. Ne6 1-0

[Event "*** SCC Grand Prix: Titled Tuesday Blitz"]
[Site "Chess.com"]
[Date "2020.08.11"]
[Round "6"]
[White "baki83"]
[Black "TregubovP"]
[Result "1-0"]
[WhiteElo "2725"]
[BlackElo "2586"]
[TimeControl "180+1"]
[EndTime "11:05:36 PDT"]
[Termination "baki83 won by resignation"]

1. e4 e6 2. d4 d5 3. exd5 exd5 4. Nf3 Bd6 5. c4 Nf6 6. c5 Be7 7. Qa4+ c6 8. Bd3 O-O 9. O-O Nbd7 10. Nc3 Re8 11.
Bf4 Nf8 12. Rfe1 Bg4 13. Ne5 Bh5 14. h3 Ne6 15. Bh2 Nd7 16. Nxd5 Bxc5 17. dxc5 Ndxc5 18. Bxh7+ Kxh7 19. Qc2+ Kg8 20. Ne3 f6 21. b4 Na6 22.
N5c4 Nxb4 23. Qf5 g6 24. Qb1 g5 25. Qxb4 1-0

[Event "*** SCC Grand Prix: Titled Tuesday Blitz"]
[Site "Chess.com"]
[Date "2020.08.11"]
[Round "6"]
[White "IMTominho"]
[Black "PSvidler"]
[Result "0-1"]
[WhiteElo "2773"]
[BlackElo "2939"]
[TimeControl "180+1"]
[EndTime "11:05:38 PDT"]
[Termination "PSvidler won on time"]

1. d4 Nf6 2. c4 g6 3. Nc3 d5 4.
cxd5 Nxd5 5. g3 Bg7 6. Bg2 Nxc3 7. bxc3 c5 8. e3 Qa5 9. Ne2 cxd4 10. exd4 O-O 11.
O-O Nc6 12. Re1 Rd8 13. a4 Be6 14. Rb1 Qa6 15. Qc2 Bc4 16. Qb2 Qxa4 17. Bg5 Rd7 18. Nf4 e5 19. dxe5 Nxe5 20. Qb4 Qxb4 21. Rxb4 a5 22.
Rxb7 Rxb7 23. Bxb7 Rb8 24. Be4 a4 25. Nd5 a3 26.
Bf6 a2 27. Bxg7 Kxg7 28. Nb4 Rd8 29. f4 Ng4 30. h3 Nf6 31. Bf3 Rd2 0-1

[Event "*** SCC Grand Prix: Titled Tuesday Blitz"]
[Site "Chess.com"]
[Date "2020.08.11"]
[Round "6"]
[White "FMJoseHerrera"]
[Black "Alexander_Moskalenko"]
[Result "0-1"]
[WhiteElo "2513"]
[BlackElo "2841"]
[TimeControl "180+1"]
[EndTime "11:05:39 PDT"]
[Termination "Alexander_Moskalenko won on time"]

1. Nf3 g6 2. g3 Bg7 3. Bg2 f5 4. d3 Nf6 5. Nc3 d5 6. h4 d4 7. Nb1 Nc6 8. h5 Nxh5 9. Bg5 Nf6 10. Bh6 Bxh6 11. Rxh6 e5 12. Na3 Be6 13. Qd2 Qd7 14. Ng5 Bd5 15. f3 O-O-O 16. c4 dxc3 17. bxc3 Qg7 18. Rh4 h6 19. Nh3 e4 20. fxe4 fxe4 21. Nf2 g5 22. Rxe4 Bxe4 23. Nxe4 Nxe4 24. Bxe4 Rhe8 25. Bxc6 bxc6 26. Nc4 Qf7 27. Qc2 Qe6 28. O-O-O Qxe2 29. Qa4 Rxd3 30. Rxd3 Qxd3 31. Qxc6 Re1+ 32. Kb2 Rb1+ 33. Ka3 Qxc3+ 0-1

[Event "*** SCC Grand Prix: Titled Tuesday Blitz"]
[Site "Chess.com"]
[Date "2020.08.11"]
[Round "6"]
[White "eljanov"]
[Black "Eternauta2400"]
[Result "1-0"]
[WhiteElo "2797"]
[BlackElo "2507"]
[TimeControl "180+1"]
[EndTime "11:05:39 PDT"]
[Termination "eljanov won by resignation"]

1. e4 c5 2. Nf3 Nc6 3. Bb5 g6 4. Bxc6 dxc6 5. d3 Bg7 6. h3 Nf6 7. Nc3 Nd7 8. Be3 e5 9. Qd2 h6 10. Nh2 Qe7 11. O-O Nf8 12. f4 exf4 13. Bxf4 Ne6 14.
Bg3 Nd4 15. Rae1 Be6 16. Nf3 O-O-O 17. Qf4 Nxf3+ 18. Rxf3 Bd4+ 19. Kh1 Kd7 20. Nd5 Qg5 21. Qc7+ Ke8 22. h4 Rd7 23. hxg5 hxg5+ 24. Bh2 Rxc7 25.
Nxc7+ Kd7 26. Nxe6 Kxe6 27. Rh3 1-0

[Event "*** SCC Grand Prix: Titled Tuesday Blitz"]
[Site "Chess.com"]
[Date "2020.08.11"]
[Round "6"]
[White "TurboSteen"]
[Black "Xeniya2005"]
[Result "0-1"]
[WhiteElo "2015"]
[BlackElo "2359"]
[TimeControl "180+1"]
[EndTime "11:05:40 PDT"]
[Termination "Xeniya2005 won by resignation"]

1. e4 e6 2. d4 d5 3. Bd3 dxe4 4. Bxe4 Nf6 5. Bf3 c5 6. Ne2 cxd4 7. Qxd4 Qxd4 8.
Nxd4 Bc5 9. Be3 O-O 10. Nc3 a6 11. O-O-O Nbd7 12. Rhe1 Ne5 13. Be2 Neg4 14. Bxg4 Nxg4 15. f3 Nxe3 16. Rxe3 Bd7 17. Red3 Rac8 18. Nb3 Be8 19. Rd8 Be3+ 20. Kb1 Bc6 21. Rxc8 Rxc8 22. Na5 Bb6 23. Nxc6 bxc6 24. Ne4 Kf8 25. c4 Ke7 26. c5 Bc7 27.
Nd6 Rd8 28. Kc2 Bxd6 29. cxd6+ Rxd6 0-1

[Event "*** SCC Grand Prix: Titled Tuesday Blitz"]
[Site "Chess.com"]
[Date "2020.08.11"]
[Round "6"]
[White "MNyuyu"]
[Black "Mikhail_Golubev"]
[Result "1-0"]
[WhiteElo "2343"]
[BlackElo "2569"]
[TimeControl "180+1"]
[EndTime "11:05:41 PDT"]
[Termination "MNyuyu won on time"]

1. d4 Nf6 2. Bg5 Ne4 3. Bf4 c5 4. d5 Qb6 5. Nd2 Qxb2 6. Nxe4 Qb4+ 7. c3 Qxe4 8. e3 e6 9. dxe6 fxe6 10. Nf3 Nc6 11. Bd3 Qd5 12. Qc2 Qh5 13. h3 c4 14. Bxc4 Bc5 15. Bd3 O-O 16. g4 Qd5 17.
Bxh7+ Kh8 18. Be4 Qc4 19. Ng5 Rf6 20. Bd5 Qxc3+ 21. Qxc3 Bb4 22. Qxb4 Nxb4 23. Be4 d5 24.
a3 1-0

[Event "*** SCC Grand Prix: Titled Tuesday Blitz"]
[Site "Chess.com"]
[Date "2020.08.11"]
[Round "6"]
[White "Danfii"]
[Black "mr65"]
[Result "1-0"]
[WhiteElo "2351"]
[BlackElo "2136"]
[TimeControl "180+1"]
[EndTime "11:05:41 PDT"]
[Termination "Danfii won by resignation"]

1. e4 e5 2. Nf3 Nc6 3. Bc4 Nf6 4. d3 Bc5 5. O-O O-O 6. Nbd2 d5 7. exd5 Nxd5 8. Ne4 Bb6 9. Re1 Nf4 10. Bxf4 exf4 11. Qd2 Bg4 12. Qxf4 Bxf3 13. Qxf3 Nd4 14. Qd1 Qh4 15. c3 Ne6 16. d4 c6 17. Qf3 Bc7 18. g3 Ng5 19. Nxg5 Qxg5 20. h4 Qf6 21. Qxf6 gxf6 22. Re7 Rac8 23. Rae1 b5 24. Bd3 Bb6 25. b4 a5 26. a3 Bd8 27. Rd7 axb4 28. axb4 Bc7 29. Ree7 Bb8 30. Bc2 Rfe8 31. Rxf7 Re1+ 32. Kg2 Rce8 33. Rg7+ Kh8 34. Rxh7+ Kg8 35. Bb3+ 1-0

[Event "*** SCC Grand Prix: Titled Tuesday Blitz"]
[Site "Chess.com"]
[Date "2020.08.11"]
[Round "6"]
[White "DrMamaliga"]
[Black "allvim"]
[Result "1/2-1/2"]
[WhiteElo "2190"]
[BlackElo "2377"]
[TimeControl "180+1"]
[EndTime "11:05:43 PDT"]
[Termination "Game drawn by agreement"]

1. c4 e5 2. Nc3 Nf6 3. Nf3 Nc6 4. e3 Bb4 5. Qc2 O-O 6. Nd5 Be7 7. a3 a5 8. Bd3 h6 9. O-O d6 10. Nxf6+ Bxf6 11. Bf5 Ne7 12. Bxc8 Rxc8 13. d4 exd4 14. exd4 Nc6 15.
Be3 Re8 16. Rad1 Qd7 17. Rfe1 Re7 18. Qd2 Rce8 19. d5 Ne5 20. Nxe5 Bxe5 21. Qxa5 Bxb2 22.
Qb4 Bf6 23. Qxb7 Qa4 24. Qb4 Qxb4 25. axb4 Bc3 26. Re2 Bxb4 27. g3 Re4 28. Rc1 Bc5 29. Rc3 Bd4 30. Rb3 Bf6 31. Rc2 Bd4 32. Bxd4 Rxd4 33.
Rb7 Re7 34. c5 Rxd5 35. cxd6 Rxd6 36. Rcxc7 Rxc7 37. Rxc7 g6 1/2-1/2

[Event "*** SCC Grand Prix: Titled Tuesday Blitz"]
[Site "Chess.com"]
[Date "2020.08.11"]
[Round "6"]
[White "IngOscarArdila"]
[Black "hellokostya"]
[Result "0-1"]
[WhiteElo "2193"]
[BlackElo "2391"]
[TimeControl "180+1"]
[EndTime "11:05:44 PDT"]
[Termination "hellokostya won by resignation"]

1. d4 Nf6 2. c4 g6 3. Nc3 Bg7 4.
e4 d6 5. Nf3 O-O 6. Be2 c6 7.
O-O e5 8. d5 Na6 9. Bg5 c5 10.
a3 h6 11. Bh4 Bd7 12. Rb1 b6 13. b4 g5 14. Bg3 Nh5 15. b5 Nc7 16. a4 Nf4 17. a5 f5 18. Nd2 Nxe2+ 19. Qxe2 f4 20. f3 fxg3 21. hxg3 h5 22. Ra1 Qf6 23. Ra3 h4 24. g4 Rfb8 25. Rfa1 a6 26. axb6 Rxb6 27.
Nb3 Qf4 28. Nd1 Rab8 29. Nc1 axb5 30. Nd3 Qg3 31. Ra7 bxc4 32. Rxc7 cxd3 33. Qxd3 Bb5 34. Qd2 R6b7 35. Ra7 Rxa7 36. Rxa7 h3 37. Ne3 h2+ 38. Kh1 Qf4 39. Qe1 Bf8 40. Nf5 Bd3 41. Qa1 Rb1+ 42.
Qxb1 Bxb1 43. Nxd6 Bxd6 0-1

[Event "*** SCC Grand Prix: Titled Tuesday Blitz"]
[Site "Chess.com"]
[Date "2020.08.11"]
[Round "6"]
[White "igorknyazev"]
[Black "Andrii_Prydun"]
[Result "0-1"]
[WhiteElo "1951"]
[BlackElo "2352"]
[TimeControl "180+1"]
[EndTime "11:05:44 PDT"]
[Termination "Andrii_Prydun won by resignation"]

1. e4 d5 2. exd5 Qxd5 3. d4 Nc6 4. Nf3 Bg4 5. c4 Qh5 6. Be2 O-O-O 7. d5 e6 8. Nc3 exd5 9. cxd5 Nf6 10. O-O Nxd5 11. Qb3 Nxc3 12. bxc3 Bc5 13. Be3 Bxe3 14. fxe3 Rhe8 15.
h3 Be6 16. c4 Qh6 17. Nd4 Bd7 18. Nf5 Bxf5 19. Rxf5 Rxe3 20. Qb2 Re4 21. Bf3 Rd2 22.
Qb5 Qe3+ 23. Kh2 Re5 24. Rxe5 Qxe5+ 25. Qxe5 Nxe5 26. Bd5 c6 27. Re1 cxd5 28. Rxe5 dxc4 29. Rc5+ Kd7 30. a4 Rd4 31. Kg3 c3 32. a5 Ra4 33.
Kf3 c2 34. Rxc2 Rxa5 35. h4 b5 36. Rc5 a6 37. Rg5 g6 38. h5 Ra3+ 39. Ke4 Ke6 40.
h6 f5+ 41. Kd4 Kf6 42. g4 Kxg5 43. gxf5 gxf5 0-1

[Event "*** SCC Grand Prix: Titled Tuesday Blitz"]
[Site "Chess.com"]
[Date "2020.08.11"]
[Round "6"]
[White "Iris77"]
[Black "narutosmith"]
[Result "1-0"]
[WhiteElo "2059"]
[BlackElo "2235"]
[TimeControl "180+1"]
[EndTime "11:05:44 PDT"]
[Termination "Iris77 won by checkmate"]

1. d4 Nf6 2. Bf4 g6 3. Nc3 d5 4. e3 Bg7 5. h4 O-O 6. h5 c5 7. hxg6 hxg6 8. Qd2 Nc6 9. Nf3 cxd4 10.
Nxd4 Qb6 11. O-O-O Be6 12. Bd3 Nxd4 13. exd4 Qxd4 14.
Bh6 Ng4 15. Bxg7 Qxg7 16. Rh4 f5 17. Rdh1 Rac8 18. f3 Ne5 19. Be2 Rfd8 20. Qg5 Qf6 21. Qxf6 exf6 22. Rh8+ Kg7 23. R1h7# 1-0

[Event "*** SCC Grand Prix: Titled Tuesday Blitz"]
[Site "Chess.com"]
[Date "2020.08.11"]
[Round "6"]
[White "slavenok"]
[Black "Zq1"]
[Result "1-0"]
[WhiteElo "2721"]
[BlackElo "2497"]
[TimeControl "180+1"]
[EndTime "11:05:48 PDT"]
[Termination "slavenok won by resignation"]

1. e4 c5 2. d4 cxd4 3. Nf3 Nc6 4.
Bc4 g6 5. O-O Bg7 6. Qe2 d6 7.
Rd1 Nf6 8. c3 Bg4 9. cxd4 O-O 10. h3 Bxf3 11. Qxf3 Nd7 12. Be3 e5 13. d5 Nd4 14.
Bxd4 exd4 15. Nd2 Rc8 16. Rac1 Qb6 17. Bb3 f5 18. Rxc8 Rxc8 19. exf5 Ne5 20. Qe4 Rf8 21. fxg6 hxg6 22. Re1 Qb4 23. Rd1 a5 24. f4 Nd7 25.
Qe6+ Rf7 26. Qxg6 Rxf4 27. Qe6+ Rf7 28. Rf1 Ne5 29. Nc4 Kf8 30. Nxd6 Rxf1+ 31. Kxf1 Bh8 1-0

[Event "*** SCC Grand Prix: Titled Tuesday Blitz"]
[Site "Chess.com"]
[Date "2020.08.11"]
[Round "6"]
[White "politeplayer"]
[Black "Aguiar94"]
[Result "0-1"]
[WhiteElo "2231"]
[BlackElo "2453"]
[TimeControl "180+1"]
[EndTime "11:05:48 PDT"]
[Termination "Aguiar94 won by resignation"]

1. e4 c5 2. Nf3 e6 3. d4 cxd4 4. Nxd4 Nc6 5. Nc3 Qc7 6. f4 Nxd4 7. Qxd4 b6 8. Nb5 Qc6 9. Be2 Bb7 10. Bd2 Nf6 11.
e5 Ne4 12. O-O-O Bc5 13. Qc4 a6 14. Nc3 Nxd2 15. Kxd2 Qxg2 16. Rhe1 Rc8 17. Qd3 Qxh2 18. Kc1 Qxf4+ 19. Kb1 Rc7 20. Rf1 Qxe5 21. Bf3 Bxf3 22. Qxf3 O-O 23. Ne4 d5 24. Ng3 Bd6 25. Nh5 f5 26.
Rde1 Qh2 27. Rc1 g6 28. Rh1 Qe5 29. Rcg1 Qe4 30. Qf2 Bc5 31. Qh2 Bxg1 32. Qxc7 Bd4 33. Qg7+ Bxg7 0-1

[Event "*** SCC Grand Prix: Titled Tuesday Blitz"]
[Site "Chess.com"]
[Date "2020.08.11"]
[Round "6"]
[White "MarceloPlaya"]
[Black "Lagravesamuell"]
[Result "0-1"]
[WhiteElo "2335"]
[BlackElo "2611"]
[TimeControl "180+1"]
[EndTime "11:05:48 PDT"]
[Termination "Lagravesamuell won by checkmate"]

1. e4 Nf6 2. e5 Nd5 3. c4 Nb6 4. c5 Nd5 5. Bc4 e6 6. Nc3 Nxc3 7. dxc3 Bxc5 8. Qg4 g6 9. Bh6 Nc6 10. Nf3 Bf8 11. Bxf8 Rxf8 12. O-O-O b6 13. h4 h5 14. Qf4 Bb7 15. Ng5 Qe7 16. Nh7 O-O-O 17. Nxf8 Rxf8 18. Rhe1 a6 19. g3 b5 20. Bf1 f6 21. exf6 Rxf6 22. Qe3 Na5 23. Rd2 Rf3 24. Qd4 Nc6 25. Qh8+ Rf8 26.
Qh6 Qf6 27. f4 b4 28. Qg5 bxc3 29.
bxc3 Qxc3+ 30. Kd1 Nd4 31. Rf2 Bf3+ 32. Rxf3 Qc2# 0-1

[Event "*** SCC Grand Prix: Titled Tuesday Blitz"]
[Site "Chess.com"]
[Date "2020.08.11"]
[Round "6"]
[White "PawnEatingZombie"]
[Black "stolencandy13"]
[Result "0-1"]
[WhiteElo "2213"]
[BlackElo "2418"]
[TimeControl "180+1"]
[EndTime "11:05:48 PDT"]
[Termination "stolencandy13 won by resignation"]

1. d4 Nf6 2. c4 e5 3. dxe5 Ng4 4. Bf4 Nc6 5. Nf3 Bb4+ 6. Nbd2 Qe7 7. e3 Ngxe5 8. Nxe5 Nxe5 9. Be2 O-O 10. O-O Bxd2 11.
Qxd2 d6 12. b4 b6 13. c5 Bb7 14. cxd6 cxd6 15. Rfd1 Rfd8 16. Rac1 Rac8 17. h3 h6 18. Rxc8 Bxc8 19. Qc3 Ng6 20. Bg3 Bb7 21. Qd4 Qe6 22. Rd2 Ne7 23. Bg4 Qg6 24. Qb2 h5 25. Be2 h4 26.
Bd3 Qg5 27. f4 Qxg3 0-1

[Event "*** SCC Grand Prix: Titled Tuesday Blitz"]
[Site "Chess.com"]
[Date "2020.08.11"]
[Round "6"]
[White "GustavoJuarezF"]
[Black "BJthechessgod"]
[Result "1-0"]
[WhiteElo "2037"]
[BlackElo "2235"]
[TimeControl "180+1"]
[EndTime "11:05:49 PDT"]
[Termination "GustavoJuarezF won by resignation"]

1. e4 c5 2. Nf3 Nc6 3. c3 d5 4. exd5 Qxd5 5. d4 Bg4 6. Be2 e6 7. O-O Nf6 8. c4 Qd7 9. d5 exd5 10. cxd5 Qxd5 11. Nc3 Qxd1 12. Rxd1 Rd8 13. Bg5 Be7 14. Rxd8+ Bxd8 15. h3 Bxf3 16. Bxf3 h6 17. Re1+ Kf8 18. Be3 Be7 19. Na4 Nd7 20. Rd1 Ke8 21. Rc1 Nce5 22.
Bxb7 Nd3 23. Rc3 Nb4 24. a3 Na2 25. Rc2 Nb6 26. Nxb6 axb6 27. b3 Kd7 28. Rxa2 Rb8 29. Bd5 f5 30. a4 Kd6 31. Bf4+ Kxd5 32. Bxb8 Bd6 33. Rd2+ 1-0

[Event "*** SCC Grand Prix: Titled Tuesday Blitz"]
[Site "Chess.com"]
[Date "2020.08.11"]
[Round "6"]
[White "Oligan22"]
[Black "KatarinaOstojic"]
[Result "1-0"]
[WhiteElo "2439"]
[BlackElo "2237"]
[TimeControl "180+1"]
[EndTime "11:05:51 PDT"]
[Termination "Oligan22 won by resignation"]

1. e4 c5 2. Ne2 d6 3. g3 Nc6 4. Bg2 g6 5. O-O Bg7 6. c3 Nf6 7. d4 cxd4 8. cxd4 e5 9. d5 Ne7 10. b3 O-O 11. Nd2 Bd7 12. Ba3 Ne8 13. Nc4 Bb5 14. Nc3 Bxc4 15. bxc4 Qa5 16. Qb3 f5 17. Rac1 Rb8 18. Nb5 Qb6 19. Nxd6 Qd8 20. Nxe8 Rxe8 21. Rfd1 Bh6 22. Rc2 b6 23. Bb2 Qd6 24. Qc3 Bg7 25. f4 Qc5+ 26. Kh1 fxe4 27. Bxe4 Nf5 28. Bxf5 gxf5 29. Re2 Re7 30. fxe5 Rbe8 31. Rde1 Qc7 32. Qf3 Bxe5 33. Qxf5 Bxb2 34. Qg5+ Kf8 35. Rf1+ Rf7 36. Rxe8+ Kxe8 37. Qg8+ 1-0

[Event "*** SCC Grand Prix: Titled Tuesday Blitz"]
[Site "Chess.com"]
[Date "2020.08.11"]
[Round "6"]
[White "MasterSonnevanck23"]
[Black "Ariadna_Atreides"]
[Result "1-0"]
[WhiteElo "2359"]
[BlackElo "2051"]
[TimeControl "180+1"]
[EndTime "11:05:52 PDT"]
[Termination "MasterSonnevanck23 won by resignation"]

1. c4 Nf6 2. Nc3 e5 3. Nf3 Nc6 4. e4 Bc5 5. Nxe5 Bxf2+ 6. Kxf2 Nxe5 7. d4 Neg4+ 8. Kg1 d6 9. h3 Nh6 10. Bg5 c6 11. Qd2 Nhg8 12. Kh2 h6 13. Be3 Qc7 14. Bd3 Bd7 15. Rhf1 O-O-O 16. Rac1 Ne7 17. Nb5 Qb8 18.
Bf4 Ne8 19. Nxd6+ Nxd6 20. c5 Be6 21. cxd6 Rxd6 22. d5 Bd7 23. Qb4 a5 24. Qxd6 Qxd6 25. Bxd6 Ng6 26. e5 Re8 27. Bxg6 fxg6 28. e6 1-0

[Event "*** SCC Grand Prix: Titled Tuesday Blitz"]
[Site "Chess.com"]
[Date "2020.08.11"]
[Round "6"]
[White "Supernotar"]
[Black "GM_dmitrij"]
[Result "0-1"]
[WhiteElo "2701"]
[BlackElo "2929"]
[TimeControl "180+1"]
[EndTime "11:05:53 PDT"]
[Termination "GM_dmitrij won by checkmate"]

1. d4 Nf6 2. c4 g6 3. Nc3 Bg7 4. e4 O-O 5. Be2 d6 6. Nf3 e5 7. O-O exd4 8. Nxd4 Re8 9. f3 c6 10. Nc2 Na6 11. Kh1 Nc7 12. Bf4 d5 13. cxd5 cxd5 14.
Bxc7 Qxc7 15. exd5 Bf5 16. Nd4 Bd7 17. Rc1 Qf4 18.
g3 Qe5 19. f4 Qd6 20. Bf3 a6 21.
a4 h5 22. Qb3 Ng4 23. Bxg4 hxg4 24. Rcd1 Rab8 25. Rd2 b5 26. axb5 axb5 27. Rfd1 b4 28. Nce2 Ra8 29. Qd3 Qxd5+ 30. Kg1 Rad8 31. Qb3 Qe4 32.
Qxb4 Bc8 33. Nc2 Rxd2 34. Rxd2 Qc6 35. Ncd4 Qe4 36. Nc2 Qf3 37. Qa3 Qc6 38. Ncd4 Qe4 39. Nc2 Bb7 40. Kf1 Qg2+ 41. Ke1 Qg1# 0-1

[Event "*** SCC Grand Prix: Titled Tuesday Blitz"]
[Site "Chess.com"]
[Date "2020.08.11"]
[Round "6"]
[White "VladimirBugayev"]
[Black "Evgeny81"]
[Result "0-1"]
[WhiteElo "2341"]
[BlackElo "2702"]
[TimeControl "180+1"]
[EndTime "11:05:54 PDT"]
[Termination "Evgeny81 won by resignation"]

1. e4 c6 2. d4 d5 3. exd5 cxd5 4.
Bd3 Nc6 5. c3 Nf6 6. Bf4 Bg4 7. Qb3 Qd7 8. Nd2 e6 9. Ngf3 Bd6 10. Bxd6 Qxd6 11. O-O O-O 12. Qxb7 Rab8 13. Qa6 Rb6 14. Qa3 Qxa3 15. bxa3 Bxf3 16. Nxf3 Rfb8 17. Rfb1 Rb2 18. h3 Kf8 19. a4 Ke7 20. Bb5 Rxb1+ 21.
Rxb1 Na5 22. Rb4 Ne4 23. Bd3 Rc8 24. Rb5 Rxc3 25. Rxa5 Rxd3 26. Rxa7+ Ke8 27. a5 Ra3 28. Ne5 f6 29. Nc6 Rxa2 30. Re7+ Kf8 31. Rxe6 Ra1+ 32.
Kh2 Nxf2 33. Rd6 Rh1+ 34. Kg3 Ne4+ 0-1

[Event "*** SCC Grand Prix: Titled Tuesday Blitz"]
[Site "Chess.com"]
[Date "2020.08.11"]
[Round "6"]
[White "lucachess49"]
[Black "pirulillo"]
[Result "1-0"]
[WhiteElo "2437"]
[BlackElo "2227"]
[TimeControl "180+1"]
[EndTime "11:05:57 PDT"]
[Termination "lucachess49 won by checkmate"]

1. d4 Nf6 2. c4 g6 3. f3 Bg7 4. e4 d6 5. Nc3 O-O 6. Nge2 b6 7. Be3 c5 8. Qd2 a6 9. Rd1 Nbd7 10. g4 Bb7 11. Bg2 cxd4 12. Nxd4 Rc8 13. b3 Qc7 14. O-O e6 15. Nde2 Ne8 16. Bh6 b5 17. Bxg7 Kxg7 18. cxb5 axb5 19. Nxb5 Qb6+ 20. Qd4+ Qxd4+ 21. Nbxd4 Ba6 22. Rf2 Nc5 23. Nc1 e5 24. Nc2 Ne6 25. Nb4 Bb7 26. Rfd2 N8c7 27. Bf1 Nd4 28.
Kf2 Nce6 29. Bc4 Nf4 30. Nc2 Nxc2 31. Rxc2 d5 32. exd5 Bxd5 33. Ne2 Nh3+ 34. Ke3 Bc6 35. Rdc1 Ng5 36. Bd5 Bxd5 37. Rxc8 Rxc8 38. Rxc8 Nxf3 39. Nc3 Be6 40. Rc7 Nd4 41. b4 Bxg4 42. b5 Be6 43.
b6 Kh6 44. b7 f5 45. b8=Q f4+ 46.
Kf2 Kg5 47. Qd8+ Kg4 48. Rxh7 Nf5 49. h3# 1-0